 Dungeon Crawl Stone Soup version 0.21.1-1-g345015f (webtiles) character file.

3998 tidbits the Magician (level 10, 77/77 HPs)
             Began as a Gnoll Skald on June 22, 2018.
             Quit the game on level 7 of the Dungeon.
             The game lasted 00:27:54 (2335 turns).

tidbits the Magician (Gnoll Skald)                  Turns: 2335, Time: 00:27:55

Health: 77/77      AC:  9    Str: 19    XL:     10   Next: 23%
Magic:  20/20      EV: 16    Int: 18    God:
Gold:   351        SH:  5    Dex: 15    Spells: 10/23 levels left

rFire    . . .     SeeInvis .   C - +3 demon whip (elec)
rCold    . . .     Gourm    .   D - +0 buckler
rNeg     . . .     Faith    .   b - +1 leather armour
rPois    +         Spirit   .   (no helmet)
rElec    .         Reflect  .   (no cloak)
rCorr    .         Harm     .   (no gloves)
MR       +....                  F - +0 pair of boots
Stlth    ++++......             l - amulet of regeneration
HPRegen  0.62/turn              h - +3 ring of protection
MPRegen  0.17/turn              N - ring "Ratzogoi" {rPois MR+ Str+5 Stlth+}

@: studying Earth Magic
A: distributed training, fangs 1, strong nose
a: no special abilities


You were on level 7 of the Dungeon.
You were not hungry.

You visited 1 branch of the dungeon, and saw 9 of its levels.
You also visited: Sewer.

You collected 351 gold pieces.

Inventory:

Hand Weapons
 a - a +0 hand axe
 e - a +0 dagger
 f - a +0 blowgun
 t - a +3 dagger
 u - a +0 flail
 C - a +3 demon whip of electrocution (weapon)
   (You found it on level 4 of the Dungeon)
 O - a +0 dagger of draining
   (You took it off an orc wizard on level 6 of the Dungeon)
 V - a +1 dagger of electrocution
   (You took it off an orc on level 7 of the Dungeon)
 W - a +1 hand axe of freezing
   (You took it off an orc on level 7 of the Dungeon)
 Y - a +1 scimitar of flaming
   (You took it off Erica on level 8 of the Dungeon)
 Z - a cursed -1 blowgun
Missiles
 p - 17 stones
 E - 11 tomahawks (quivered)
 L - 69 arrows
Armour
 b - a +1 leather armour (worn)
 q - a cursed +0 scale mail
 D - a +0 buckler (worn)
 F - a +0 pair of boots (worn)
 X - a +0 ring mail of magic resistance
   (You took it off an orc on level 7 of the Dungeon)
Magical Staves
 K - an uncursed staff of energy {unknown}
   (You found it on level 4 of the Dungeon)
 U - an uncursed staff of energy {unknown}
   (You found it on level 4 of the Dungeon)
Jewellery
 h - a +3 ring of protection (left hand)
   (You found it on level 1 of the Dungeon)
 l - an amulet of regeneration (around neck)
   (You found it on level 1 of the Dungeon)
 w - a cursed amulet of inaccuracy
   (You found it on level 3 of the Dungeon)
 x - an uncursed ring of teleportation
   (You found it on level 4 of the Dungeon)
 B - an uncursed amulet of the gourmand
   (You found it on level 4 of the Dungeon)
 M - an uncursed ring of protection from magic {unknown}
   (You found it on level 5 of the Dungeon)
 N - the ring "Ratzogoi" (right hand) {rPois MR+ Str+5 Stlth+}
   (You found it on level 6 of the Dungeon)

   [ring of protection from magic]

   It affects your strength (+5).
   It protects you from poison.
   It affects your resistance to hostile enchantments.
   It makes you more stealthy.
 Q - an uncursed ring of wizardry {unknown}
   (You found it on level 6 of the Dungeon)
Wands
 H - a wand of random effects (11)
 I - a wand of paralysis (26)
 P - a wand of iceblast (11)
Scrolls
 j - 2 scrolls of fear
 n - 2 scrolls of enchant armour
 T - 2 scrolls of remove curse
Potions
 g - a potion of haste {unknown}
 i - 2 potions of might
 k - a potion of cancellation
 m - 3 potions of heal wounds {unknown}
 r - a potion of curing
 v - a potion of brilliance
 z - a potion of resistance {unknown}
 A - a potion of mutation {unknown}
 J - a potion of invisibility
 R - a potion of flight
Books
 d - a book of Battle

   Spells                             Type                      Level
   a - Infusion                       Charms                       1
   b - Shroud of Golubria             Charms/Translocation         2
   c - Song of Slaying                Charms                       2
   d - Spectral Weapon                Hexes/Charms                 3
   e - Regeneration                   Charms/Necromancy            3
 o - a book of Cantrips
   (You found it on level 2 of the Dungeon)

   Spells                             Type                      Level
   a - Confusing Touch                Hexes                        1
   b - Animate Skeleton               Necromancy                   1
   c - Summon Small Mammal            Summoning                    1
   d - Apportation                    Translocation                1
 s - a book of Conjurations
   (You found it on level 5 of the Dungeon)

   Spells                             Type                      Level
   a - Magic Dart                     Conjuration                  1
   b - Searing Ray                    Conjuration                  2
   c - Dazzling Spray                 Conjuration/Hexes            3
   d - Fulminant Prism                Conjuration/Hexes            4
   e - Force Lance                    Conjuration/Translocation    4
   f - Iskenderun's Mystic Blast      Conjuration                  4
 y - a manual of Earth Magic
   (You found it on level 4 of the Dungeon)
 S - a book of Minor Magic
   (You found it in a sewer)

   Spells                             Type                      Level
   a - Magic Dart                     Conjuration                  1
   b - Blink                          Translocation                2
   c - Call Imp                       Summoning                    2
   d - Slow                           Hexes                        2
   e - Conjure Flame                  Conjuration/Fire             3
   f - Mephitic Cloud                 Conjuration/Poison/Air       3
Miscellaneous
 G - a crystal ball of energy
Comestibles
 c - 10 rations


   Skills:
 + Level 6.8 Fighting
 + Level 5.0 Short Blades
 + Level 5.0 Long Blades
 + Level 6.8 Axes
 + Level 5.0 Maces & Flails
 + Level 5.0 Polearms
 + Level 5.0 Staves
 + Level 5.0 Slings
 + Level 5.0 Bows
 + Level 5.0 Crossbows
 + Level 5.0 Throwing
 + Level 5.7 Armour
 + Level 6.8 Dodging
 + Level 5.0 Stealth
 + Level 5.0 Shields
 + Level 5.0 Unarmed Combat
 + Level 7.1 Spellcasting
 + Level 4.1 Conjurations
 + Level 4.1 Hexes
 + Level 6.9 Charms
 + Level 4.1 Summonings
 + Level 4.1 Necromancy
 + Level 4.1 Translocations
 + Level 4.1 Transmutations
 + Level 4.1 Fire Magic
 + Level 4.1 Ice Magic
 + Level 4.1 Air Magic
 + Level 5.6 Earth Magic
 + Level 4.1 Poison Magic
 + Level 5.5 Invocations
 + Level 5.0 Evocations


You had 10 spell levels left.
You knew the following spells:

 Your Spells              Type           Power        Failure   Level  Hunger
g - Shroud of Golubria    Chrm/Tloc      ####......   1%          2    None
i - Infusion              Chrm           ####         1%          1    None
n - Animate Skeleton      Necr           N/A          2%          1    None
r - Regeneration          Chrm/Necr      ####......   3%          3    ##.....
w - Spectral Weapon       Hex/Chrm       ####....     3%          3    ##.....
y - Song of Slaying       Chrm           ####....     1%          2    None
A - Apportation           Tloc           ###...       2%          1    None


Dungeon Overview and Level Annotations

Branches:
Dungeon (9/15)               Lair (0/6) D:8
 Temple: D:4-7          Orc: D:9-12

Altars:
Dithmenos
Elyvilon
Fedhas
Okawaru
Uskayaw
Xom
Yredelemnul
Zin
The Shining One


Innate Abilities, Weirdness & Mutations

Your experience applies equally to all skills.
You have very sharp teeth.
Your uncanny sense of smell can sniff out nearby items.


Message History

Erica is moderately wounded.
Erica barely misses you.
You barely miss Erica.
Erica is moderately wounded.
Your spectral weapon hits Erica!!
You whack Erica! You bite Erica.
Erica is almost dead.
Your spectral weapon hits Erica!
Erica closely misses you.
You hit Erica.
You kill Erica!
Your Short Blades skill increases to level 5!
Your Long Blades skill increases to level 5!
Your Maces & Flails skill increases to level 5!
Your Polearms skill increases to level 5!
Your Staves skill increases to level 5!
Your Slings skill increases to level 5!
Your Bows skill increases to level 5!
Your Crossbows skill increases to level 5!
Your Throwing skill increases to level 5!
Your Stealth skill increases to level 5!
Your Shields skill increases to level 5!
Your Unarmed Combat skill increases to level 5!
Your Spellcasting skill increases to level 7!
Your Conjurations skill increases to level 4!
Your Hexes skill increases to level 4!
Your Summonings skill increases to level 4!
Your Necromancy skill increases to level 4!
Your Translocations skill increases to level 4!
Your Transmutations skill increases to level 4!
Your Fire Magic skill increases to level 4!
Your Ice Magic skill increases to level 4!
Your Air Magic skill increases to level 4!
Your Poison Magic skill increases to level 4!
Your Evocations skill increases to level 5!
Items here: ! ) [ † a scimitar of flaming; a robe; a brown potion; the human corpse of Erica
Y - a scimitar of flaming;
m - 3 brown potions (gained 1)
You see here 16 gold pieces.
You now have 334 gold pieces (gained 16).
You swap places.
Things that are here:
a robe; the human corpse of Erica
There is a stone staircase leading up here.
Your spectral weapon fades away.
You climb upwards.
There is a stone staircase leading down here.
Unknown command.
Okay, then.
You see here 17 gold pieces.
You now have 351 gold pieces (gained 17).
Okay, then.
Casting: Spectral Weapon
Confirm with . or Enter, or press ? or * to list all spells.
Aiming: Apportation
Press: ? - help, Dir - move target cursor Apport: a wand of paralysis (14) Yoink!
You pull the item towards yourself.
I - a wand of paralysis (26) (gained 14 charges) Magic restored.
There is a stone staircase leading up here. 4 orcs and an orc wizard come into view.
An orc is wielding a mace of protection.
Casting: Apportation
Confirm with . or Enter, or press ? or * to list all spells.
You start singing a song of slaying.
The orc shouts!
The orc wizard shouts!
The orc shouts! x2
Unknown command.
You hit the orc.
The orc is moderately wounded.
The orc barely misses you.
You whack the orc!
You kill the orc!
You hit the orc wizard but do no damage.
Lightning courses through the orc wizard!
You kill the orc wizard!
You barely miss the orc. You bite the orc.
The orc is moderately wounded.
The orc completely misses you.
You whack the orc!
You kill the orc!
You hit the orc.
The orc is heavily wounded.
You closely miss the orc.
The orc is heavily wounded.
You whack the orc!
You kill the orc!
The orc closely misses you.
You see here a mace of protection.
You thrash the orc!! Lightning courses through the orc!
You kill the orc!
Items here: ))) [ † an enchanted hand axe; a dagger; a robe; a flail; an orc corpse Your song is almost over.
Your song has ended.
Found a runed blowgun.
You see here a runed blowgun.
You see here a runed blowgun.
You see here a runed blowgun.
Z - a runed blowgun
Okay, then.
Are you sure you want to abandon this character and quit the game? (Confirm with "yes".)

......# #......<# #.#
......#
#.##########.############
......# #.#
#...................
......# #.#
#.#####.###########.
......# #.# #.#........#
#. ......# #.#
#.#.###.##.# #. #######
#.# #.#.# #.##.# #. #
#.####.#.# #.##.# #. ###
#.......@# #.##.########.
..#### ########.#
#.##.......... .>'..# #.#
#.############ ..##.#
#.###.####........ ####.#
#..........####### ####.#
#####......# # .....#
######.# # #######
#.....# # .....># #.#####
#


There were no monsters in sight!

Vanquished Creatures
  Erica (D:8)
  A two-headed ogre (D:4)
  A centaur zombie (D:7)
  Sigmund (D:5)
  Menkaure (D:6)
  An orc warrior (D:7)
  A phantom (D:5)
  A sky beast (D:4)
  2 ogres
  2 centaurs (D:6)
  A crocodile (D:7)
  The ghost of Lokkij the Digger, an amateur DEEE (D:4)
  A bullfrog (D:6)
  A scorpion (D:4)
  A howler monkey (D:5)
  An electric eel (D:7)
  2 crimson imps
  2 jellies
  7 hounds
  4 orc priests
  A centaur skeleton (D:4)
  2 iguanas
  4 orc wizards
  5 worker ants
  A merfolk siren (Sewer)
  A merfolk avatar (Sewer)
  A hound zombie (D:6)
  3 gnolls (D:4)
  A worker ant zombie (D:6)
  11 adders
  8 river rats
  A shadow imp (D:5)
  An adder zombie (D:4)
  An adder skeleton (D:5)
  A worm (D:6)
  4 leopard geckos
  27 orcs
  3 ball pythons (Sewer)
  2 giant cockroaches
  3 goblins
  5 hobgoblins
  5 jackals (D:4)
  4 kobolds
  2 quokkas
  5 bats
  8 frilled lizards
  A leopard gecko skeleton (D:4)
  27 rats
171 creatures vanquished.

Vanquished Creatures (collateral kills)
  An adder (D:7)
  An orc (D:7)
2 creatures vanquished.

Vanquished Creatures (others)
  A river rat (D:6)
  A quokka (D:8)
2 creatures vanquished.

Grand Total: 175 creatures vanquished

Notes
Turn   | Place    | Note
-------+----------+-------------------------------------------
     0 | D:1      | tidbits the Gnoll Skald began the quest for the Orb.
     0 | D:1      | Reached XP level 1. HP: 20/20 MP: 6/6
   112 | D:1      | Reached XP level 2. HP: 26/26 MP: 0/7
   116 | D:1      | Learned a level 2 spell: Song of Slaying
   119 | D:1      | Learned a level 2 spell: Shroud of Golubria
   287 | D:2      | Reached skill level 5 in Spellcasting
   287 | D:2      | Reached XP level 3. HP: 27/31 MP: 0/9
   293 | D:2      | Learned a level 3 spell: Regeneration
   297 | D:2      | Learned a level 3 spell: Spectral Weapon
   410 | D:3      | Reached skill level 1 in Invocations
   422 | D:3      | Found a shimmering altar of Xom.
   423 | D:3      | Noticed an angel
   424 | D:3      | Found a glowing silver altar of Zin.
   463 | D:3      | Learned a level 1 spell: Animate Skeleton
   493 | D:3      | Reached skill level 1 in Short Blades
   493 | D:3      | Reached skill level 1 in Long Blades
   493 | D:3      | Reached skill level 1 in Maces & Flails
   493 | D:3      | Reached skill level 1 in Polearms
   493 | D:3      | Reached skill level 1 in Staves
   493 | D:3      | Reached skill level 1 in Slings
   493 | D:3      | Reached skill level 1 in Bows
   493 | D:3      | Reached skill level 1 in Crossbows
   493 | D:3      | Reached skill level 1 in Throwing
   493 | D:3      | Reached skill level 1 in Stealth
   493 | D:3      | Reached skill level 1 in Shields
   493 | D:3      | Reached skill level 1 in Unarmed Combat
   493 | D:3      | Reached skill level 1 in Evocations
   532 | D:4      | Noticed an ogre
   538 | D:4      | Killed an ogre
   538 | D:4      | Reached skill level 1 in Conjurations
   538 | D:4      | Reached skill level 1 in Hexes
   538 | D:4      | Reached skill level 1 in Summonings
   538 | D:4      | Reached skill level 1 in Necromancy
   538 | D:4      | Reached skill level 1 in Translocations
   538 | D:4      | Reached skill level 1 in Transmutations
   538 | D:4      | Reached skill level 1 in Fire Magic
   538 | D:4      | Reached skill level 1 in Ice Magic
   538 | D:4      | Reached skill level 1 in Air Magic
   538 | D:4      | Reached skill level 1 in Earth Magic
   538 | D:4      | Reached skill level 1 in Poison Magic
   538 | D:4      | Reached XP level 4. HP: 37/38 MP: 4/11
   538 | D:4      | Reached XP level 5. HP: 42/43 MP: 4/12
   548 | D:4      | Reached skill level 3 in Armour
   603 | D:4      | Found a large runed door.
   604 | D:4      | Found a large runed door.
   611 | D:4      | Noticed a sky beast
   636 | D:4      | Killed a sky beast
   636 | D:4      | Reached skill level 2 in Invocations
   636 | D:4      | Reached XP level 6. HP: 23/50 MP: 3/13
   637 | D:4      | Found a large runed door.
   637 | D:4      | Found a large runed door.
   657 | D:4      | Reached skill level 5 in Fighting
   657 | D:4      | Reached skill level 5 in Axes
   657 | D:4      | Reached skill level 5 in Dodging
   657 | D:4      | HP: 4/51 [gnoll/spear (3)]
   663 | D:4      | Reached skill level 2 in Short Blades
   663 | D:4      | Reached skill level 2 in Long Blades
   663 | D:4      | Reached skill level 2 in Maces & Flails
   663 | D:4      | Reached skill level 2 in Polearms
   663 | D:4      | Reached skill level 2 in Staves
   663 | D:4      | Reached skill level 2 in Slings
   663 | D:4      | Reached skill level 2 in Bows
   663 | D:4      | Reached skill level 2 in Crossbows
   663 | D:4      | Reached skill level 2 in Throwing
   663 | D:4      | Reached skill level 2 in Stealth
   663 | D:4      | Reached skill level 2 in Shields
   663 | D:4      | Reached skill level 2 in Unarmed Combat
   663 | D:4      | Reached skill level 2 in Evocations
   671 | D:4      | Learned a level 1 spell: Apportation
   775 | D:4      | Noticed a two-headed ogre
   783 | D:4      | Killed a two-headed ogre
   783 | D:4      | Reached skill level 3 in Short Blades
   783 | D:4      | Reached skill level 3 in Long Blades
   783 | D:4      | Reached skill level 3 in Maces & Flails
   783 | D:4      | Reached skill level 3 in Polearms
   783 | D:4      | Reached skill level 3 in Staves
   783 | D:4      | Reached skill level 3 in Slings
   783 | D:4      | Reached skill level 3 in Bows
   783 | D:4      | Reached skill level 3 in Crossbows
   783 | D:4      | Reached skill level 3 in Throwing
   783 | D:4      | Reached skill level 4 in Armour
   783 | D:4      | Reached skill level 3 in Stealth
   783 | D:4      | Reached skill level 3 in Shields
   783 | D:4      | Reached skill level 3 in Unarmed Combat
   783 | D:4      | Reached skill level 2 in Conjurations
   783 | D:4      | Reached skill level 2 in Hexes
   783 | D:4      | Reached skill level 6 in Charms
   783 | D:4      | Reached skill level 2 in Summonings
   783 | D:4      | Reached skill level 2 in Necromancy
   783 | D:4      | Reached skill level 2 in Translocations
   783 | D:4      | Reached skill level 2 in Transmutations
   783 | D:4      | Reached skill level 2 in Fire Magic
   783 | D:4      | Reached skill level 2 in Ice Magic
   783 | D:4      | Reached skill level 2 in Air Magic
   783 | D:4      | Reached skill level 3 in Earth Magic
   783 | D:4      | Reached skill level 2 in Poison Magic
   783 | D:4      | Reached skill level 3 in Invocations
   783 | D:4      | Reached skill level 3 in Evocations
   783 | D:4      | Reached XP level 7. HP: 16/56 MP: 10/15
   783 | D:4      | Reached XP level 8. HP: 18/63 MP: 10/16
   955 | D:4      | Noticed Lokkij's ghost (amateur DEEE)
   959 | D:4      | Killed Lokkij's ghost
   959 | D:4      | Reached skill level 6 in Spellcasting
   966 | D:5      | Entered Level 5 of the Dungeon
   968 | D:5      | Noticed Sigmund
   977 | D:5      | Killed Sigmund
  1000 | D:5      | Found a blossoming altar of Fedhas.
  1029 | D:5      | Reached skill level 3 in Conjurations
  1029 | D:5      | Reached skill level 3 in Hexes
  1029 | D:5      | Reached skill level 3 in Summonings
  1029 | D:5      | Reached skill level 3 in Necromancy
  1029 | D:5      | Reached skill level 3 in Translocations
  1029 | D:5      | Reached skill level 3 in Transmutations
  1029 | D:5      | Reached skill level 3 in Fire Magic
  1029 | D:5      | Reached skill level 3 in Ice Magic
  1029 | D:5      | Reached skill level 3 in Air Magic
  1029 | D:5      | Reached skill level 3 in Poison Magic
  1029 | D:5      | Reached skill level 4 in Invocations
  1062 | D:5      | Reached skill level 4 in Earth Magic
  1097 | D:6      | Reached XP level 9. HP: 53/69 MP: 6/18
  1099 | D:6      | Noticed Menkaure
  1103 | D:6      | Killed Menkaure
  1103 | D:6      | Reached skill level 6 in Fighting
  1103 | D:6      | Reached skill level 6 in Axes
  1103 | D:6      | Reached skill level 6 in Dodging
  1168 | D:6      | Found an iron altar of Okawaru.
  1181 | D:6      | Got a scintillating pewter ring
  1218 | D:6      | Found a glowing golden altar of the Shining One.
  1231 | D:6      | Reached skill level 4 in Short Blades
  1231 | D:6      | Reached skill level 4 in Long Blades
  1231 | D:6      | Reached skill level 4 in Maces & Flails
  1231 | D:6      | Reached skill level 4 in Polearms
  1231 | D:6      | Reached skill level 4 in Staves
  1231 | D:6      | Reached skill level 4 in Slings
  1231 | D:6      | Reached skill level 4 in Bows
  1231 | D:6      | Reached skill level 4 in Crossbows
  1231 | D:6      | Reached skill level 4 in Throwing
  1231 | D:6      | Reached skill level 4 in Stealth
  1231 | D:6      | Reached skill level 4 in Shields
  1231 | D:6      | Reached skill level 4 in Unarmed Combat
  1231 | D:6      | Reached skill level 4 in Evocations
  1316 | D:6      | Found a glowing drain.
  1323 | Sewer    | Entered a sewer
  1539 | D:6      | Identified the ring "Ratzogoi" {rPois MR+ Str+5 Stlth+} (You found it on level 6 of the Dungeon)
  1543 | D:6      | Found a shadowy altar of Dithmenos.
  1561 | D:6      | Reached skill level 5 in Armour
  1678 | D:7      | Reached skill level 5 in Earth Magic
  1717 | D:8      | Found a staircase to the Lair.
  1717 | D:8      | Noticed a death yak
  1717 | D:8      | Noticed a death yak
  1717 | D:8      | Noticed a death yak
  1770 | D:7      | Reached skill level 5 in Invocations
  1810 | D:7      | Found a glowing silver altar of Zin.
  1917 | D:6      | Reached XP level 10. HP: 77/77 MP: 16/20
  1952 | D:6      | Found a basalt altar of Yredelemnul.
  1955 | D:6      | Found a hide-covered altar of Uskayaw.
  2117 | D:8      | Noticed a death yak
  2117 | D:8      | Noticed a death yak
  2117 | D:8      | Noticed a death yak
  2117 | D:8      | Noticed a death yak
  2117 | D:8      | Noticed a death yak
  2119 | D:8      | Noticed a death yak
  2124 | D:8      | Found a white marble altar of Elyvilon.
  2161 | D:8      | Noticed Erica
  2174 | D:8      | Killed Erica
  2174 | D:8      | Reached skill level 5 in Short Blades
  2174 | D:8      | Reached skill level 5 in Long Blades
  2174 | D:8      | Reached skill level 5 in Maces & Flails
  2174 | D:8      | Reached skill level 5 in Polearms
  2174 | D:8      | Reached skill level 5 in Staves
  2174 | D:8      | Reached skill level 5 in Slings
  2174 | D:8      | Reached skill level 5 in Bows
  2174 | D:8      | Reached skill level 5 in Crossbows
  2174 | D:8      | Reached skill level 5 in Throwing
  2174 | D:8      | Reached skill level 5 in Stealth
  2174 | D:8      | Reached skill level 5 in Shields
  2174 | D:8      | Reached skill level 5 in Unarmed Combat
  2174 | D:8      | Reached skill level 7 in Spellcasting
  2174 | D:8      | Reached skill level 4 in Conjurations
  2174 | D:8      | Reached skill level 4 in Hexes
  2174 | D:8      | Reached skill level 4 in Summonings
  2174 | D:8      | Reached skill level 4 in Necromancy
  2174 | D:8      | Reached skill level 4 in Translocations
  2174 | D:8      | Reached skill level 4 in Transmutations
  2174 | D:8      | Reached skill level 4 in Fire Magic
  2174 | D:8      | Reached skill level 4 in Ice Magic
  2174 | D:8      | Reached skill level 4 in Air Magic
  2174 | D:8      | Reached skill level 4 in Poison Magic
  2174 | D:8      | Reached skill level 5 in Evocations
  2335 | D:7      | Quit the game

Skill      XL: |  1  2  3  4  5  6  7  8  9 10 |
---------------+-------------------------------+-----
Spellcasting   | 5 6 7 |  7.1
Invocations    | 1 2 3 4 5 |  5.5
Short Blades   | 1 3 4 5 |  5.0
Long Blades    | 1 3 4 5 |  5.0
Maces & Flails | 1 3 4 5 |  5.0
Polearms       | 1 3 4 5 |  5.0
Staves         | 1 3 4 5 |  5.0
Slings         | 1 3 4 5 |  5.0
Bows           | 1 3 4 5 |  5.0
Crossbows      | 1 3 4 5 |  5.0
Throwing       | 1 3 4 5 |  5.0
Stealth        | 1 3 4 5 |  5.0
Shields        | 1 3 4 5 |  5.0
Unarmed Combat | 1 3 4 5 |  5.0
Evocations     | 1 3 4 5 |  5.0
Conjurations   | 1 2 3 4 |  4.1
Hexes          | 1 2 3 4 |  4.1
Summonings     | 1 2 3 4 |  4.1
Necromancy     | 1 2 3 4 |  4.1
Translocations | 1 2 3 4 |  4.1
Transmutations | 1 2 3 4 |  4.1
Fire Magic     | 1 2 3 4 |  4.1
Ice Magic      | 1 2 3 4 |  4.1
Air Magic      | 1 2 3 4 |  4.1
Earth Magic    | 1 3 4 5 |  5.6
Poison Magic   | 1 2 3 4 |  4.1
Armour         | 3 4 5 |  5.7
Fighting       | 5 6 |  6.8
Axes           | 5 6 |  6.8
Dodging        | 5 6 |  6.8
Charms         | 6 |  6.9

Action                   |  1- 3 |  4- 6 |  7- 9 | 10-12 || total
-------------------------+-------+-------+-------+-------++-------
Melee: Hand axe          |    73 |    35 |       |       ||   108
       Bite              |     5 |     3 |    19 |     4 ||    31
       Dagger            |       |     1 |       |       ||     1
       Demon whip        |       |     7 |   198 |    18 ||   223
       Punch             |       |     1 |     2 |       ||     3
Throw: Stone             |       |     1 |       |       ||     1
       Tomahawk          |       |       |     4 |       ||     4
 Cast: Infusion          |     9 |       |       |       ||     9
       Spectral Weapon   |     3 |     2 |    20 |     2 ||    27
       Shroud of Golubri |     1 |     3 |     4 |       ||     8
       Song of Slaying   |     1 |     3 |    14 |     1 ||    19
       Animate Skeleton  |       |     2 |     3 |     1 ||     6
       Regeneration      |       |     1 |     2 |       ||     3
       Apportation       |       |       |       |     1 ||     1
Evoke: Wand              |       |       |     4 |       ||     4
  Use: Scroll            |     4 |     2 |     4 |     4 ||    14
       Potion            |       |     6 |     3 |       ||     9
 Stab: Sleeping          |       |     2 |     1 |     1 ||     4
       Distracted        |       |     1 |     1 |       ||     2
  Eat: Chunk             |       |       |     5 |     2 ||     7
Armor: Leather armour    |    16 |    15 |    53 |     3 ||    87
Dodge: Dodged            |    56 |    36 |   113 |    10 ||   215
Block: Buckler           |       |       |     3 |     2 ||     5

Table legend:
 A = Turns spent in this place as a percentage of turns spent in the entire game.
 B = Non-inter-level travel turns spent in this place as a percentage of non-inter-level travel turns spent in the entire game.
 C = Inter-level travel turns spent in this place as a percentage of turns spent in this place.
 D = Turns resting spent in this place as a percentage of non-inter-level travel turns spent in this place.
 E = Turns spent auto-exploring this place as a percentage of non-inter-level travel turns spent in this place.
 F = Non-inter-level travel turns spent in this place divided by the number of levels of this place that you've seen.
                   A       B       C       D       E      F
               +-------+-------+-------+-------+-------+----------------------
         Total | 100.0 | 100.0 |   4.5 |   0.0 |   0.0 | 223.0
       Dungeon |  90.9 |  90.4 |   4.9 |   0.0 |   0.0 | 224.1
         Sewer |   9.1 |   9.6 |   0.0 |   0.0 |   0.0 | 213.0
               +-------+-------+-------+-------+-------+----------------------

Table legend:
 A = Kills in this place as a percentage of kills in entire the game.
 B = Kills by you in this place as a percentage of kills by you in the entire game.
 C = Kills by friends in this place as a percentage of kills by friends in the entire game.
 D = Other kills in this place as a percentage of other kills in the entire game.
 E = Experience gained in this place as a percentage of experience gained in the entire game.
 F = Experience gained in this place divided by the number of levels of this place that you have seen.
                   A       B       C       D       E      F
               +-------+-------+-------+-------+-------+----------------------
         Total | 100.0 | 100.0 | 100.0 |   N/A | 100.0 | 571.2
       Dungeon |  76.9 |  76.6 | 100.0 |   N/A |  97.0 | 615.8
         Sewer |  23.1 |  23.4 |   0.0 |   N/A |   3.0 | 170.0
               +-------+-------+-------+-------+-------+----------------------

Vault maps used:
D:1:      minmay_arrival_solitary_statue, minmay_unequal
D:3:      grunt_temple_overflow_order_and_chaos_1
D:4:      minmay_hollow_rounded_squares
D:5:      fedhas_altar_1, first_ration, basic_altar, ashenzari_altar_1,
          uniq_ijyb, uniq_sigmund
D:6:      minitemple, nicolae_dithmenos_the_darkroom, lemuel_doored_altar,
          minmay_temple_entry_from_below_a, lightli_sewer_entry_pipes,
          lemuel_statue_altar, uniq_menkaure
D:7:      serial_shops, shop, basic_altar, chequers_big_river
D:8:      minmay_the_grid_triangle_9x9_rhombus_thin, elyvilon_altar_4,
          grunt_temple_overflow_open, lemuel_round_altar, dpeg_lair_monsters,
          uniq_erica
Sewer:    sewer_sea
